 Dungeon Crawl Stone Soup version 0.22.0-27-ga576289 (webtiles) character file.

462 Monsterracer the Conjurer (level 7, -3/52 HPs)
             Began as a Hill Orc Wizard on Aug 22, 2018.
             Slain by Duvessa
             ... wielding a +0 short sword
              (7 damage)
             ... on level 4 of the Dungeon on Aug 23, 2018.
             The game lasted 00:09:32 (5875 turns).

Monsterracer the Conjurer (Hill Orc Wizard)         Turns: 5875, Time: 00:09:33

Health: -3/52      AC:  5    Str: 10    XL:     7   Next: 7%
Magic:  0/12       EV: 11    Int: 20    God:
Gold:   143        SH:  0    Dex:  9    Spells: 4/13 levels left

rFire    . . .     SeeInvis .   l - +1 spear
rCold    . . .     Gourm    .   (no shield)
rNeg     . . .     Faith    .   p - +0 leather armour {MR+}
rPois    .         Spirit   .   b - +0 hat
rElec    .         Reflect  .   o - +1 cloak
rCorr    .         Harm     .   (no gloves)
MR       +....                  (no boots)
Stlth    +.........             (no amulet)
HPRegen  0.17/turn              (no ring)
MPRegen  0.13/turn              (no ring)

@: no status effects
A: no striking features
a: no special abilities


You were on level 4 of the Dungeon.
You were hungry.

You visited 1 branch of the dungeon, and saw 4 of its levels.

You collected 143 gold pieces.

Inventory:

Hand Weapons
 l - a +1 spear (weapon)
Armour
 b - a +0 hat (worn)
 o - a +1 cloak (worn)
 p - a +0 leather armour of magic resistance (worn)
Scrolls
 d - 4 scrolls of remove curse
 e - a scroll of enchant weapon
 i - 2 scrolls of amnesia
Potions
 a - a potion of cancellation {unknown}
 f - a potion of heal wounds {unknown}
 g - a potion of lignification
 h - a potion of berserk rage {unknown}
 j - a potion of ambrosia {!q}
 k - a potion of haste
 n - 3 potions of curing
Comestibles
 c - 5 rations


   Skills:
 + Level 1.1 Fighting
 - Level 1.5 Dodging
 - Level 1.5 Stealth
 + Level 3.9 Spellcasting
 - Level 5.5 Conjurations
   Level 1.0 Summonings
 - Level 0.7 Translocations
 + Level 1.0 Fire Magic


You had 4 spell levels left.
You knew the following spells:

 Your Spells              Type           Power        Failure   Level  Hunger
a - Magic Dart            Conj           ####         1%          1    None
b - Conjure Flame         Conj/Fire      ###.....     14%         3    ###....
c - Mephitic Cloud        Conj/Pois/Air  ##......     24%         3    ###....
e - Blink                 Tloc           N/A          21%         2    ##.....

Your spell library contained the following spells:

 Spells                   Type           Power        Failure   Level  Hunger
 Call Imp                 Summ           #.......     19%         2    ##.....
 Slow                     Hex            #.......     26%         2    ##.....


Dungeon Overview and Level Annotations

Branches:
Dungeon (4/15)
 Temple: D:4-7

Altars:

Annotations:
D:4 Dowan, Duvessa


Message History

Dowan blinks!
Press: ? - help, v - describe, . - travel
Here: Dowan, wielding a dagger and wearing a robe The floor.
You hit Duvessa.
Duvessa is severely wounded.
Duvessa hits you with a short sword! Duvessa hits you with a short sword.
You take 10 damage, and have 39/52 hp.
You hit Duvessa but do no damage.
Duvessa is severely wounded.
Duvessa hits you with a short sword!
Dowan says, "Magic and the sword, together, will defeat you."
You take 9 damage, and have 30/52 hp.
You closely miss Duvessa.
Duvessa is severely wounded.
Duvessa hits you with a short sword.
Dowan gestures wildly while chanting.
Dowan blinks!
Duvessa says, "When magic and the sword combine, nothing stands against them."
Duvessa hits you with a short sword.
* * * LOW HITPOINT WARNING * * *
You take 4 damage, and have 26/52 hp.
Dowan laughs at you. "Don't get delusional, you can't win!"
Dowan hits you but does no damage. Duvessa hits you with a short sword.
* * * LOW HITPOINT WARNING * * *
You take 1 damage, and have 25/52 hp.
Dowan closely misses you.
There is a stone staircase leading up here.
Duvessa barely misses you. Dowan barely misses you. Duvessa closely misses you.
Dowan casts a spell.
Dowan blinks!
Duvessa gestures with her weapon.
Duvessa closely misses you.
Casting: Magic Dart (safe; 1% risk of failure)
Confirm with . or Enter, or press ? or * to list all spells.
Aiming: Magic Dart (safe; 1% risk of failure)
Press: ? - help, Shift-Dir - straight line, f/p - Duvessa
Aim: Duvessa, wielding a short sword and wearing a leather armour (severely wounded, fast)
The magic dart hits Duvessa.
Duvessa is severely wounded.
Duvessa hits you but does no damage.
You now have 2/12 mp.
Casting: Magic Dart (safe; 1% risk of failure)
Confirm with . or Enter, or press ? or * to list all spells.
Aiming: Magic Dart (safe; 1% risk of failure)
Press: ? - help, Shift-Dir - straight line, f/p - Duvessa
Aim: Duvessa, wielding a short sword and wearing a leather armour (severely wounded, fast)
The magic dart hits Duvessa.
Duvessa is almost dead.
Duvessa hits you with a short sword.
* * * LOW HITPOINT WARNING * * *
Duvessa hits you but does no damage.
You take 3 damage, and have 23/52 hp.
You now have 1/12 mp.
Casting: Magic Dart (safe; 1% risk of failure)
Confirm with . or Enter, or press ? or * to list all spells.
Aiming: Magic Dart (safe; 1% risk of failure)
Press: ? - help, Shift-Dir - straight line, f/p - Duvessa
Aim: Duvessa, wielding a short sword and wearing a leather armour (almost dead, fast)
The magic dart hits Duvessa.
Duvessa is almost dead.
Duvessa misses you.
Dowan says, "My weaknesses are her strengths!"
You now have 0/12 mp.
Duvessa hits you with a short sword.
* * * LOW HITPOINT WARNING * * *
You take 4 damage, and have 19/52 hp.
Duvessa hits you with a short sword!
* * * LOW HITPOINT WARNING * * *
You take 7 damage, and have 13/52 hp.
Casting: Magic Dart (safe; 1% risk of failure)
Confirm with . or Enter, or press ? or * to list all spells.
Aiming: Magic Dart (safe; 1% risk of failure)
Press: ? - help, Shift-Dir - straight line, f/p - Duvessa
Aim: Duvessa, wielding a short sword and wearing a leather armour (almost dead, fast)
The magic dart hits Duvessa.
Duvessa is almost dead.
Duvessa hits you with a short sword.
* * * LOW HITPOINT WARNING * * *
You take 1 damage, and have 12/52 hp.
You now have 0/12 mp.
Duvessa misses you.
Duvessa says, "Practise, practise, practise!
One day you'll be as good as me."
Dowan gestures wildly while chanting.
Dowan blinks!
Duvessa hits you with a short sword.
* * * LOW HITPOINT WARNING * * *
You take 4 damage, and have 8/52 hp.
Duvessa hits you with a short sword.
* * * LOW HITPOINT WARNING * * *
You take 5 damage, and have 4/52 hp.
Okay, then.
Casting: Magic Dart (safe; 1% risk of failure)
Confirm with . or Enter, or press ? or * to list all spells.
Aiming: Magic Dart (safe; 1% risk of failure)
Press: ? - help, Shift-Dir - straight line, f/p - Duvessa
Aim: Duvessa, wielding a short sword and wearing a leather armour (almost dead, fast)
The magic dart hits Duvessa.
Duvessa is almost dead.
Duvessa hits you with a short sword!
You die...

#........# ####### ###........#
#.....# ### #.....####.# #.###.#
##.#########..#...# #.# #.# #.#
#<....e.ยง.........###.####.###.#
##.#########.###.............#.#
#.# #(.....###.####.#(#.# #.#
###e.......# #.#.#.# #.#
##@......# #.....# #.# #.#######
###.### #.# #.# #.# ##.## ##'##
#.# ##...## ##...## ###.#
#.....### ##.....## ##...#
#.......# ##.......## ##..#####
#.......####.........####.......#
##.........'.........'...........


You could see Duvessa.

Vanquished Creatures
  3 orc priests
  An orc wizard (D:4)
  Jessica (D:2)
  Natasha (thrice) (D:3)
  2 worker ants (D:4)
  7 gnolls
  4 adders
  An ooze (D:3)
  2 dart slugs
  6 leopard geckos
  7 orcs
  4 giant cockroaches
  5 goblins
  8 hobgoblins
  5 jackals
  7 kobolds
  4 quokkas
  6 bats
  5 frilled lizards
  A leopard gecko skeleton (D:4)
  6 rats
88 creatures vanquished.

Notes
Turn   | Place    | Note
-------+----------+-------------------------------------------
     0 | D:1      | Monsterracer the Hill Orc Wizard began the quest for the Orb.
     0 | D:1      | Reached XP level 1. HP: 14/14 MP: 3/3
   294 | D:1      | Reached skill level 2 in Conjurations
   294 | D:1      | Reached XP level 2. HP: 12/20 MP: 0/5
   441 | D:1      | Learned a level 2 spell: Blink
  1044 | D:1      | Reached XP level 3. HP: 26/26 MP: 1/6
  1059 | D:1      | Learned a level 3 spell: Conjure Flame
  1184 | D:1      | Reached skill level 3 in Conjurations
  1471 | D:2      | Noticed Jessica
  1480 | D:2      | Killed Jessica
  1601 | D:2      | Reached XP level 4. HP: 30/33 MP: 1/7
  1921 | D:2      | Reached skill level 4 in Conjurations
  2261 | D:2      | HP: 15/33 [gnoll/whip (6)]
  2268 | D:2      | HP: 13/33 [rat (3)]
  2274 | D:2      | HP: 9/33 [rat (3)]
  2339 | D:2      | HP: 11/33 [gnoll/club (6)]
  2343 | D:2      | Reached XP level 5. HP: 13/38 MP: 0/9
  3227 | D:3      | Noticed Natasha
  3236 | D:3      | HP: 18/38 [Natasha (8)]
  3244 | D:3      | Killed Natasha
  3254 | D:2      | HP: 12/38 [hobgoblin (1)]
  3592 | D:3      | Noticed Natasha
  3626 | D:2      | HP: 19/38 [orc/short sword (2)]
  3826 | D:2      | HP: 15/38 [gnoll/war axe (8)]
  4275 | D:3      | Reached skill level 5 in Conjurations
  4275 | D:3      | Reached XP level 6. HP: 24/45 MP: 3/10
  4280 | D:3      | Learned a level 3 spell: Mephitic Cloud
  4415 | D:3      | Killed Natasha
  4417 | D:3      | Noticed Natasha
  4421 | D:3      | Killed Natasha
  4615 | D:3      | HP: 22/45 [gnoll/halberd (6)]
  5382 | D:4      | Reached skill level 1 in Fighting
  5382 | D:4      | Reached skill level 1 in Fire Magic
  5382 | D:4      | Reached XP level 7. HP: 52/52 MP: 7/12
  5751 | D:4      | Noticed Duvessa
  5751 | D:4      | Noticed Dowan
  5854 | D:4      | HP: 26/52 [Duvessa/short sword (2)]
  5863 | D:4      | HP: 23/52 [Duvessa/short sword (3)]
  5868 | D:4      | HP: 12/52 [Duvessa/short sword (1)]
  5873 | D:4      | HP: 4/52 [Duvessa/short sword (5)]
  5875 | D:4      | Slain by Duvessa

Skill      XL: |  1  2  3  4  5  6 |
---------------+-------------------+-----
Conjurations   | 2 3 4 5 |  5.5
Spellcasting   | 3 |  3.9
Fighting       | 1 |  1.1
Fire Magic     | 1 |  1.0
Dodging        | |  1.5
Stealth        | |  1.5
Summonings     | |  1.0
Translocations | |  0.7

Action                   |  1- 3 |  4- 6 |  7- 9 || total
-------------------------+-------+-------+-------++-------
Melee: Unarmed           |    27 |       |       ||    27
       Short sword       |     5 |     9 |       ||    14
       Spear             |       |    10 |    24 ||    34
 Cast: Magic Dart        |    55 |   181 |    23 ||   259
       Blink             |       |     3 |       ||     3
       Conjure Flame     |       |     1 |     4 ||     5
  Use: Scroll            |       |    10 |       ||    10
  Eat: Chunk             |     2 |     8 |     2 ||    12
       Ration            |       |     1 |       ||     1
Armor: Robe              |    10 |     6 |       ||    16
       Leather armour    |       |     2 |     4 ||     6
Dodge: Dodged            |    31 |    47 |     9 ||    87

Vault maps used:
D:1:      minmay_arrival_open_corners
D:2:      uniq_jessica
D:3:      uniq_natasha
D:4:      kennysheep_mini, minmay_temple_entry_statues,
          minmay_stone_trees_small, uniq_menkaure, uniq_robin, uniq_eustachio,
          uniq_duvessa
